 Dungeon Crawl Stone Soup version 0.29-a0-25-g7f48f51 (webtiles) character file.

Game seed: 13052834501363824958

3713 Illumine the Carver (level 10, 0/76 HPs)
             Began as a Human Gladiator on Jan 31, 2022.
             Was a Follower of the Shining One.
             Slain by a raiju (7 damage)
             ... on level 1 of the Abyss.
             The game lasted 00:20:37 (8422 turns).

Illumine the Carver (Human Gladiator)               Turns: 8422, Time: 00:20:38

Health: 0/76       AC: 14    Str: 18    XL:     10   Next: 36%
Magic:  11/11      EV:  5    Int:  8    God:    the Shining One [*.....]
Gold:   340        SH:  0    Dex: 16    Spells: 9/9 levels left

rFire   . . .      SeeInvis .   a - +1 rapier (elec)
rCold   . . .      Faith    .   B - +0 kite shield
rNeg    + . .      Spirit   .   g - +0 plate armour
rPois   .          Reflect  .   c - +0 helmet
rElec   .          Harm     .   (no cloak)
rCorr   .          Rampage  .   C - +0 pair of gloves
Will    .....                   (no boots)
Stlth   ..........              A - amulet of regeneration
HPRegen 1.02/turn               f - ring of positive energy
MPRegen 0.12/turn               o - ring of wizardry

@: confused, divinely shielded, about to teleport, ambrosia-drunk, glowing
A: no striking features
a: Renounce Religion, Divine Shield


You were on level 1 of the Abyss.
You worshipped the Shining One.
The Shining One was aware of your devotion.
You visited 2 branches of the dungeon, and saw 9 of its levels.
You visited the Abyss 1 time.

You collected 340 gold pieces.

Inventory:

Hand Weapons
 a - a +1 rapier of electrocution (weapon)
 b - a +0 fustibalus
 q - a +0 long sword
 z - a +4 long sword of freezing
Missiles
 d - 2 throwing nets (quivered)
 h - 59 sling bullets
 i - 256 stones
 p - 38 bolts
 w - 15 poisoned darts
Armour
 c - a +0 helmet (worn)
 g - a +0 plate armour (worn)
 B - a +0 kite shield (worn)
 C - a +0 pair of gloves (worn)
Jewellery
 f - a ring of positive energy (left hand)
 o - a ring of wizardry (right hand)
 A - an amulet of regeneration (around neck)
 E - an amulet of the acrobat
Wands
 v - a wand of digging (7)
 D - a wand of flame (14)
Scrolls
 s - a scroll of teleportation
 t - a scroll of magic mapping {unknown}
 u - a scroll of fear {unknown}
 x - a scroll of holy word {unknown}
 y - a scroll of brand weapon {unknown}
 F - a scroll of silence {unknown}
Potions
 e - a potion of heal wounds {unknown}
 j - 2 potions of ambrosia
 k - a potion of berserk rage {unknown}
 l - a potion of mutation {unknown}
 m - 2 potions of flight
 n - a potion of lignification {unknown}
 r - 3 potions of curing
 G - 3 potions of invisibility {unknown}


   Skills:
 + Level 6.2 Fighting
 + Level 4.3(7.5) Short Blades
 - Level 9.6(10.0) Long Blades
 - Level 4.3 Throwing
 - Level 4.0 Armour
 - Level 3.2 Dodging
 * Level 4.8 Shields
 + Level 1.9 Invocations


You had 9 spell levels left.
You didn't know any spells.
Your spell library contained the following spells:

 Spells                   Type           Power      Damage    Failure   Level
 Ozocubu's Armour         Ice            0%         N/A       100%        3
 Freezing Cloud           Conj/Ice/Air   0%         6-21      100%        5
 Simulacrum               Ice/Necr       0%         N/A       100%        6
 Ozocubu's Refrigeration  Ice            0%         4d5       100%        7
 Polar Vortex             Ice            0%         N/A       100%        9


Dungeon Overview and Level Annotations

Branches:
Dungeon (8/15)             Temple (1/1) D:5
   Lair: D:8-11

Altars:
Cheibriados
Dithmenos
Fedhas
Hepliaklqana
Kikubaaqudgha
Makhleb
Nemelex Xobeh
Trog
Uskayaw
Vehumet
Wu Jian
Xom
Zin
The Shining One

Shops:
D:4 (   D:7 *

Annotations:
D:4 1 runed translucent door, Crazy Yiuf
D:8 Maggie


Message History

The living lightning hits the raiju.
The raiju completely resists.
The living lightning hits you!
The raiju blinks!
The raiju bursts into living lightning!
The living lightning hits the raiju.
The raiju completely resists.
The living lightning hits you!
The raiju blinks!
The raiju closely misses you.
You puncture the raiju!
The raiju is moderately wounded.
The raiju bursts into living lightning!
The living lightning hits you!
The raiju blinks!
Unknown command.
The raiju bursts into living lightning!
The living lightning hits you!
* * * LOW HITPOINT WARNING * * *
The raiju blinks!
The raiju bursts into living lightning!
The living lightning hits the raiju.
The raiju completely resists.
The living lightning misses you.
The raiju blinks! x3
Your shield is strengthened by the Shining One's divine power.
The raiju bursts into living lightning!
The living lightning hits you.
* * * LOW HITPOINT WARNING * * *
The raiju blinks!
Unknown command.
Okay, then.
Okay, then.
You are confused.
You feel invigorated.
The raiju bites you but does no damage. x3
The raiju bursts into living lightning!
The living lightning hits the raiju.
The raiju completely resists.
The living lightning hits you!
* * * LOW HITPOINT WARNING * * *
The raiju blinks! x2
The raiju bites you.
* * * LOW HITPOINT WARNING * * *
The raiju shocks you!
* * * LOW HITPOINT WARNING * * *
The raiju bites you.
* * * LOW HITPOINT WARNING * * *
The raiju shocks you!
You die...

#§. #..# #.....#.
.# ..##.#...# ##
#.#... .. # #.#
.#..#.#..#. ..#
#.##........
####.#..## #
#######..#..hh#
.. .....
...#.hh@#
#.###.#.#∩#..####
.. ..... #.#
#.#.#.......# #
#. #....h.# #
..#..##....#
...... ..##...
....#.. ..# # .
.. .# ..


You could see 4 raiju.

Vanquished Creatures
  Harold (D:7)
  Grinder (D:5)
  Menkaure (D:4)
  Duvessa (D:6)
  4 orc warriors
  An ice beast (D:7)
  3 black bears
  2 sky beasts (D:6)
  2 necrophages
  2 ogres (D:4)
  A centaur (D:6)
  A phantom (D:4)
  2 kobold brigands (D:8)
  A bullfrog (D:6)
  2 scorpions
  Dowan (D:6)
  8 wights
  A howler monkey (D:8)
  A jelly (D:5)
  2 centaur zombies
  An orc priest (D:7)
  A gnoll shaman (D:6)
  A bullfrog skeleton (D:5)
  3 iguanas
  3 orc wizards
  A hound skeleton (D:5)
  A howler monkey zombie (D:6)
  5 gnolls
  3 adders
  2 worms (D:2)
  18 orcs
  5 endoplasms
  4 giant cockroaches
  12 goblins
  7 hobgoblins
  8 jackals
  17 kobolds
  2 quokkas (D:5)
  A ball python (D:4)
  4 bats
  2 frilled lizards
  A rat (D:3)
140 creatures vanquished.

Notes
Turn   | Place    | Note
-------+----------+-------------------------------------------
     0 | D:1      | Illumine the Human Gladiator began the quest for the Orb.
     0 | D:1      | Reached XP level 1. HP: 16/16 MP: 1/1
   401 | D:1      | Reached XP level 2. HP: 18/22 MP: 2/2
   565 | D:1      | Found a faded altar of an unknown god.
  1386 | D:1      | Reached XP level 3. HP: 20/27 MP: 3/3
  1893 | D:2      | Reached skill level 4 in Long Blades
  2336 | D:2      | Reached XP level 4. HP: 15/33 MP: 4/4
  3484 | D:4      | Noticed an ogre
  3530 | D:4      | Killed an ogre
  3531 | D:4      | Reached skill level 5 in Long Blades
  3531 | D:4      | Reached XP level 5. HP: 38/38 MP: 5/5
  3553 | D:4      | Found Uleuruf's Antique Weapon Emporium.
  3605 | D:4      | Noticed an ogre
  3616 | D:4      | Killed an ogre
  3617 | D:4      | Reached XP level 6. HP: 44/44 MP: 6/6
  3896 | D:4      | Reached skill level 6 in Long Blades
  4138 | D:4      | Found a runed translucent door.
  4139 | D:4      | Noticed Crazy Yiuf
  4233 | D:4      | Noticed Menkaure
  4245 | D:4      | Killed Menkaure
  4246 | D:4      | Reached XP level 7. HP: 27/50 MP: 7/7
  4461 | D:4      | Reached skill level 7 in Long Blades
  4821 | D:4      | Found a bloodstained altar of Trog.
  4959 | D:5      | Entered Level 5 of the Dungeon
  5043 | D:4      | Reached XP level 8. HP: 30/56 MP: 8/8
  5133 | D:5      | Noticed Grinder
  5154 | D:5      | Killed Grinder
  5155 | D:5      | Reached skill level 8 in Long Blades
  5715 | D:5      | Reached skill level 1 in Armour
  5834 | D:5      | Found a staircase to the Ecumenical Temple.
  5843 | Temple   | Entered the Ecumenical Temple
  5908 | Temple   | Became a worshipper of the Shining One
  6116 | D:6      | Reached skill level 9 in Long Blades
  6298 | D:6      | Reached XP level 9. HP: 61/65 MP: 9/9
  6309 | D:6      | Noticed Duvessa
  6309 | D:6      | Noticed Dowan
  6315 | D:6      | Killed Duvessa
  6325 | D:6      | Killed Dowan
  6406 | D:6      | Reached skill level 1 in Short Blades
  6518 | D:6      | Reached skill level 5 in Fighting
  6967 | D:7      | Reached * piety under the Shining One
  7053 | D:7      | Noticed Harold
  7078 | D:6      | Reached skill level 1 in Shields
  7141 | D:7      | Killed Harold
  7142 | D:7      | Reached XP level 10. HP: 42/76 MP: 7/10
  7248 | D:7      | Found Pexalubium's General Store.
  7555 | D:7      | Reached skill level 1 in Invocations
  8186 | D:7      | Found an ornate altar of the Wu Jian Council.
  8402 | D:8      | Noticed Maggie
  8405 | D:8      | Cast into level 1 of the Abyss (Maggie)
  8422 | Abyss:1  | Slain by a raiju

Illustrated notes

Levels and vault maps discovered:
D:1:      dpeg_arrival_solitude, layout_basic, shapermc_ecumenical_altar_pompeii
D:2:      layout_loops_ring, bh_walls_and_bars
D:3:      layout_basic, serial_park_tiny_pond
D:4:      layout_basic, trog_antimagical, serial_shops, nicolae_shop_trees,
          grunt_decor_mini_mirrors, uniq_crazy_yiuf_cottage, uniq_menkaure
D:5:      wander_river, layout_basic, lemuel_temple_firewalk_b, hex_medium,
          uniq_grinder
D:6:      layout_loops_ring, uniq_duvessa
D:7:      layout_basic, lemuel_tele_altar, serial_shops, shop, uniq_harold
D:8:      layout_basic, minitemple, uniq_maggie
Temple:   nicolae_temple_hex_pool
Abyss:1:  base:
D:6

Skill      XL: |  1  2  3  4  5  6  7  8  9 10 |
---------------+-------------------------------+-----
Long Blades    | 4 5 6 7 9 |  9.6
Throwing       | 3 4 |  4.3
Fighting       | 3 5 6 |  6.2
Armour         | 2 4 |  4.0
Short Blades   | 3 4 |  4.3
Shields        | 3 4 |  4.8
Invocations    | 1 |  1.9
Dodging        | |  3.2

Action                   |  1- 3 |  4- 6 |  7- 9 | 10-12 || total
-------------------------+-------+-------+-------+-------++-------
Melee: Long sword        |    91 |    69 |   136 |       ||   296
       Punch             |     1 |     3 |     4 |       ||     8
       Rapier            |       |       |    97 |    87 ||   184
 Fire: Hunting sling     |    27 |    33 |    28 |       ||    88
       Fustibalus        |       |       |       |     3 ||     3
Throw: Stone             |     1 |       |       |       ||     1
       Throwing net      |     1 |     2 |     4 |       ||     7
Invok: Divine Shield     |       |       |     1 |     1 ||     2
  Use: Scroll            |       |       |     5 |     3 ||     8
       Potion            |       |       |       |     1 ||     1
 Stab: Held in net/web   |       |     1 |     1 |       ||     2
       Sleeping          |       |       |     1 |       ||     1
Armor: Leather armour    |    24 |    21 |    21 |       ||    66
       Chain mail        |       |       |    67 |     8 ||    75
       Plate armour      |       |       |       |    34 ||    34
Dodge: Dodged            |    42 |    42 |    90 |    16 ||   190
Block: Other             |       |       |     1 |       ||     1
       Kite shield       |       |       |       |    42 ||    42

Table legend: (Time is in decaauts)
 A = Elapsed time spent in this place.
 B = Non-inter-level travel time spent in this place.
 C = Inter-level travel time spent in this place.
 D = Time resting spent in this place.
 E = Time spent auto-exploring this place.
 F = Levels seen in this place.
 G = Mean time per level.
                   A        B        C        D        E       F      G
               +--------+--------+--------+--------+--------+-----+--------+
         Total |   8432 |   8200 |    232 |   1260 |   5298 |  10 |  843.2 |
       Dungeon |   8340 |   8117 |    223 |   1260 |   5251 |   8 | 1042.5 |
        Temple |     75 |     66 |      9 |      0 |     47 |   1 |   75.0 |
         Abyss |     16 |     16 |      0 |      0 |      0 |   1 |   16.0 |
               +--------+--------+--------+--------+--------+-----+--------+

Top non-repeatable levels by time:
     D:1: 1572 daAuts
     D:4: 1492 daAuts
     D:6: 1170 daAuts
     D:7: 1002 daAuts
     D:2: 991 daAuts
     D:3: 975 daAuts
     D:5: 965 daAuts
     D:8: 170 daAuts
  Temple: 75 daAuts
 Abyss:1: 16 daAuts
